 Dungeon Crawl Stone Soup version 0.32-a0-818-gb728d0252e (webtiles) character file.

Game seed: 5184068800942818783

58 Nvm9 the Covered (level 4, -5/29 HPs)
             Began as a Gargoyle Fighter on Mar 24, 2024.
             Slain by Terence
             ... wielding a +4 flail of protection
              (8 damage)
             ... on level 2 of the Dungeon.
             The game lasted 00:01:53 (1068 turns).

Nvm9 the Covered (Gargoyle Fighter)                 Turns: 1068, Time: 00:01:54

Health: -5/29      AC: 10    Str: 19 (22) XL:     4   Next: 2%
Magic:  4/4        EV:  8    Int:  6 (8)  God:
Gold:   95         SH:  4    Dex:  7 (9)  Spells: 3/3 levels left

rFire   . . .        f - +0 mace
rCold   . . .        c - +0 buckler
rNeg    + . .        b - +0 scale mail
rPois   ∞            (no helmet)
rElec   +            (no cloak)
rCorr   .            (no gloves)
SInv    .            (no boots)
Will    .....        (no amulet) Stlth
                     (no ring)
HPRegen 0.24/turn    (no ring)
MPRegen 0.09/turn

%: no passive effects
@: mighty
A: sickness immunity, AC +3, negative energy resistance 1, electricity
resistance, torment resistance 1, petrification resistance
a: no special abilities


You were on level 2 of the Dungeon.
You visited 1 branch of the dungeon, and saw 2 of its levels.

You collected 95 gold pieces.

Inventory:

Hand Weapons
 a - a +0 war axe
 f - a +0 mace (weapon)
Armour
 b - a +0 scale mail (worn)
 c - a +0 buckler (worn)
Jewellery
 k - an amulet of guardian spirit
Scrolls
 g - 2 scrolls of teleportation {unknown}
Potions
 e - a potion of brilliance
 h - a potion of invisibility {unknown}
 i - a potion of mutation {unknown}


   Skills:
 + Level 3.7 Fighting
 - Level 1.7(2.1) Axes
 * Level 1.6(2.1) Maces & Flails
 * Level 3.9 Armour
 * Level 3.8 Shields


You had 3 spell levels left.
You didn't know any spells.
Your spell library contained the following spells:

 Spells                   Type           Power      Damage    Failure   Level
 Dazzling Flash           Conj/Hex       0%         N/A       99%         3
 Mephitic Cloud           Conj/Alch/Air  0%         N/A       99%         3
 Curse of Agony           Necr           0%         N/A       100%        5
 Silence                  Hex/Air        0%         N/A       100%        5


Dungeon Overview and Level Annotations

Branches:
Dungeon (2/15)

Altars:

Annotations:
D:2 Terence


Innate Abilities, Weirdness & Mutations

You are immune to sickness and miasma.
Your stone body is resilient. (AC +3)
You are immune to poison.
You resist negative energy. (rN+)
You are resistant to electric shocks. (rElec)
You are resistant to unholy torment.
You are immune to petrification.


Message History

The orc wizard casts a spell.
The orc wizard flickers and vanishes!
Deactivating autopickup; reactivate with Ctrl-A.
An orc is nearby!
Terence the Incautious comes into view.
He is wielding a +4 flail of protection.
Found a dagger and a ring mail.
Terence shouts!
The orc shouts!
The orc hits you with a +0 flail.
You closely miss the orc. The orc hits you but does no damage.
You hit the orc.
The orc is severely wounded.
The orc closely misses you.
You barely miss the orc.
The orc is severely wounded.
Terence misses you. The orc hits you but does no damage.
The orc barely misses you. The orc hits you with a +0 flail.
Terence hits you with a +4 flail of protection!
You are too injured to fight recklessly!
You are too injured to fight recklessly!
You are too injured to fight recklessly!
You are too injured to fight recklessly!
You are too injured to fight recklessly!
You are too injured to fight recklessly!
You are too injured to fight recklessly!
You are too injured to fight recklessly!
You are too injured to fight recklessly!
You are too injured to fight recklessly!
You are too injured to fight recklessly!
Unknown command.
You feel very mighty all of a sudden.
You hit Terence.
Terence is lightly wounded.
Terence hits you with a +4 flail of protection.
Terence hits you with a +4 flail of protection!
* * * LOW HITPOINT WARNING * * *
You hit Terence but do no damage.
Terence is lightly wounded.
Terence hits you with a +4 flail of protection!
You die...
Terence says, "That felt goooood."

..#...[. ## ....... # ########
#....# .. .....).. #....# ###...
....###. ###....##...... # #.
.............# #. #..oo)#
#########.
###.######.............
####..oo@@....# #######..
###.####......######## ###...
.........###### #....# #.####..#
########## #.##.#
#.#########........# ####.# ##.#
#.......######## .#(...
##..###.####### .##....
####..###..######## ####.##.....
#...[.....##......###...##......


You could see Terence and 2 orcs.

Vanquished Creatures
  3 adders (D:2)
  5 endoplasms
  A giant cockroach (D:1)
  4 hobgoblins (D:1)
  4 kobolds
  3 ball pythons (D:1)
  A bat (D:1)
  A frilled lizard (D:1)
  3 goblins (D:1)
  7 rats
32 creatures vanquished.

Notes
Turn   | Place    | Note
-------+----------+-------------------------------------------
     0 | D:1      | Nvm9 the Gargoyle Fighter began the quest for the Orb.
     0 | D:1      | Reached XP level 1. HP: 14/14 MP: 1/1
    88 | D:1      | Reached XP level 2. HP: 19/19 MP: 2/2
   238 | D:1      | Reached skill level 1 in Maces & Flails
   366 | D:1      | Reached XP level 3. HP: 23/23 MP: 3/3
   982 | D:2      | Reached XP level 4. HP: 29/29 MP: 4/4
  1057 | D:2      | Noticed Terence
  1068 | D:2      | Slain by Terence

Illustrated notes

Levels and vault maps discovered:
D:1:      mrwooster_arrival_statue_3, layout_loops_ring
D:2:      layout_rooms, chequers_ecumenical_altar_island, amethyst_killhole,
          uniq_terence, uniq_natasha

Skill      XL: |  1  2 |
---------------+-------+-----
Maces & Flails | 1 |  1.6
Fighting       | |  3.7
Axes           | |  1.7
Armour         | |  3.9
Shields        | |  3.8

Action                     |  1- 3 |  4- 6 || total
---------------------------+-------+-------++-------
  Melee: War axe           |    58 |       ||    58
         Mace              |    29 |     5 ||    34
    Use: Potion            |     4 |     1 ||     5
         Scroll            |     1 |       ||     1
 Armour: Scale mail        |    76 |     8 ||    84
  Dodge: Dodged            |    30 |     3 ||    33
  Block: Buckler           |    17 |       ||    17

Table legend: (Time is in decaauts)
 A = Elapsed time spent in this place.
 B = Non-inter-level travel time spent in this place.
 C = Inter-level travel time spent in this place.
 D = Time resting spent in this place.
 E = Time spent auto-exploring this place.
 F = Levels seen in this place.
 G = Mean time per level.
                   A        B        C        D        E       F      G
               +--------+--------+--------+--------+--------+-----+--------+
         Total |   1090 |   1074 |     16 |     20 |    805 |   2 |  545.0 |
       Dungeon |   1090 |   1074 |     16 |     20 |    805 |   2 |  545.0 |
               +--------+--------+--------+--------+--------+-----+--------+

Top non-repeatable levels by time:
     D:1: 845 daAuts
     D:2: 245 daAuts
